 Dungeon Crawl Stone Soup version 0.28.0-45-g0d030f2227 (webtiles) character file.

Game seed: 1077626226937004235

238 issech the Ducker (level 5, 0/53 HPs)
             Began as a Troll Monk on Apr 20, 2022.
             Slain by an orc
             ... wielding a +0 hand axe
              (6 damage)
             ... on level 3 of the Dungeon.
             The game lasted 00:08:40 (2253 turns).

issech the Ducker (Troll Monk)                      Turns: 2253, Time: 00:08:43

Health: 0/53       AC:  6    Str: 19    XL:     5   Next: 78%
Magic:  4/4        EV: 11    Int:  6    God:
Gold:   99         SH:  0    Dex: 14    Spells: 4/4 levels left

rFire   . . .      SeeInvis .   n - +4 quarterstaff (chaos)
rCold   . . .      Faith    .   (shield currently unavailable)
rNeg    . . .      Spirit   .   l - +0 animal skin
rPois   .          Reflect  .   (helmet restricted)
rElec   .          Harm     .   m - +1 cloak {Will+}
rCorr   .          Rampage  .   (gloves unavailable)
Will    +....                   (boots unavailable)
Stlth   ++........              (no amulet)
HPRegen 0.97/turn               (no ring)
MPRegen 0.09/turn               (no ring)

@: no status effects
A: large, unfitting armour, claws 3, regeneration 1, shaggy fur 1, tough skin 1
a: no special abilities


You were on level 3 of the Dungeon.
You visited 1 branch of the dungeon, and saw 3 of its levels.

You collected 121 gold pieces.
You spent 22 gold pieces at shops.

Inventory:

Hand Weapons
 a - a +0 mace
 e - a +2 dagger of draining
 f - a +1 short sword of electrocution
 n - a +4 quarterstaff of chaos (weapon)
 r - a +4 whip
 s - a +1 whip of pain
Missiles
 c - 191 stones (quivered)
 j - 34 arrows
 q - 23 sling bullets
Armour
 b - a +0 robe
 l - a +0 animal skin (worn)
 m - a +1 cloak of willpower (worn)
Scrolls
 d - a scroll of fog
 h - 2 scrolls of identify
 i - a scroll of immolation
Potions
 g - a potion of berserk rage {unknown}
 k - 2 potions of curing
 o - a potion of heal wounds {unknown}
 p - a potion of haste
 t - a potion of mutation {unknown}


   Skills:
 + Level 3.3 Fighting
 + Level 2.0 Short Blades
 + Level 3.3 Maces & Flails
 + Level 0.3(1.8) Staves
 + Level 0.5 Throwing
 + Level 3.5 Dodging
 + Level 1.3 Stealth


You had 4 spell levels left.
You didn't know any spells.
Your spell library contained the following spells:

 Spells                   Type           Power      Damage    Failure   Level
 Slow                     Hex            0%         N/A       45%         1
 Confusing Touch          Hex            0%         N/A       83%         3
 Vampiric Draining        Necr           0%         2d6       83%         3


Dungeon Overview and Level Annotations

Branches:
Dungeon (3/15)

Altars:
Uskayaw
Beogh

Shops:
D:1 (**


Innate Abilities, Weirdness & Mutations

You are too large for most types of armour.
You have claws for hands.
Your natural rate of healing is unusually fast.
You are covered in fur. (AC +1)
You have tough skin. (AC +1)


Message History

The orc priest is moderately wounded.
The orc priest mumbles some strange prayers to Beogh against you.
Beogh smites you!
The orc wizard hits you with a +0 dagger.
You closely miss the orc priest.
The orc priest is moderately wounded.
The orc priest closely misses you.
The orc wizard hits you but does no damage.
The orc priest misses you.
Unknown command.
You hit the orc priest. You burn the orc priest.
The orc priest is severely wounded.
The orc wizard points at you and mumbles some strange words.
The puff of flame hits you! The orc priest hits you with a +0 club.
* * * LOW HITPOINT WARNING * * *
You barely miss the orc priest.
The orc priest is severely wounded.
The orc wizard hits you with a +0 dagger.
* * * LOW HITPOINT WARNING * * *
The orc priest barely misses you.
The orc wizard hits you with a +0 dagger.
* * * LOW HITPOINT WARNING * * *
You sock the orc priest!
You kill the orc priest!
Your Short Blades skill increases to level 2!
You sock the orc wizard!
The orc wizard is heavily wounded.
The orc wizard hits you but does no damage.
The orc barely misses you.
You hit the orc wizard but do no damage.
You drain the orc wizard.
The orc wizard is severely wounded.
The orc wizard barely misses you. The orc closely misses you.
You sock the orc wizard!
You kill the orc wizard!
The orc priest invokes the aid of Beogh against you.
Beogh smites you!
* * * LOW HITPOINT WARNING * * *
The orc hits you with a +0 hand axe.
You die...

#.# #..#.###._$## #.#
##...##.8$8$# #.# ###.###$...$#
#.# #.....#$8o8$
######.###.#.#.##oo.
#..........#.#..##'#
....##.###.#.#..##.##.# #.#
....##.# #.#.#..##.##.# #.#
....##.###.#.#..@oo##.# #.#
.<..##.....).##.)####.# #.#
....†.÷......###.# #.# #.#
....####.........####.# #.# ....#
#.#.........##.####.# ....#
#.#..####.#.........######
....####.#......#................
#......)...###.###.##############
########)### #..#.##


You could see an orc priest and an orc.

Vanquished Creatures
  An orc priest (D:3)
  Crazy Yiuf (D:2)
  Jessica (D:3)
  An orc wizard (D:3)
  Robin (D:2)
  4 gnolls (D:3)
  4 adders (D:2)
  An ufetubus (D:2)
  A worm (D:2)
  2 dart slugs
  An orc (D:3)
  7 ball pythons
  3 endoplasms
  5 giant cockroaches
  5 goblins
  4 hobgoblins
  4 jackals (D:1)
  2 quokkas
  7 bats
  2 frilled lizards
  5 kobolds
  2 rats
64 creatures vanquished.

Notes
Turn   | Place    | Note
-------+----------+-------------------------------------------
     0 | D:1      | issech the Troll Monk began the quest for the Orb.
     0 | D:1      | Reached XP level 1. HP: 22/22 MP: 0/0
   176 | D:1      | Reached XP level 2. HP: 28/29 MP: 1/1
   371 | D:1      | Found Erautt's General Store.
   463 | D:1      | Found Oxirywn's Weapon Emporium.
   562 | D:1      | Found a faded altar of an unknown god.
   606 | D:1      | Found Huysasag's General Store.
   727 | D:1      | Reached XP level 3. HP: 34/36 MP: 2/2
   759 | D:1      | Bought a scroll of identify for 22 gold pieces
   970 | D:2      | Reached XP level 4. HP: 30/44 MP: 3/3
   980 | D:2      | Found a hide-covered altar of Uskayaw.
  1267 | D:2      | Identified the +1 helmet of the Good {Str+3 Dex+2}
  1267 | D:2      | Noticed Robin
  1293 | D:2      | Killed Robin
  1294 | D:2      | Reached skill level 1 in Short Blades
  1609 | D:2      | Found a runed translucent door.
  1610 | D:2      | Noticed Crazy Yiuf
  1701 | D:2      | Killed Crazy Yiuf
  1853 | D:3      | Reached XP level 5. HP: 53/53 MP: 4/4
  2165 | D:3      | Noticed Jessica
  2171 | D:3      | Killed Jessica
  2253 | D:3      | Slain by an orc

Illustrated notes

Levels and vault maps discovered:
D:1:      saegor_arrival_simple_b, layout_basic,
          ebering_ecumenical_altar_sacrificial, serial_shops, shop_fountains,
          shop, shop, st_stairs_4
D:2:      layout_loops_ring, basic_altar, minmay_tetromino_s4,
          uniq_crazy_yiuf_cottage, uniq_robin
D:3:      layout_loops_ring, kennysheep_orc_chapel, uniq_jessica

Skill      XL: |  1  2  3  4  5 |
---------------+----------------+-----
Maces & Flails | 3 |  3.3
Dodging        | 3 |  3.5
Short Blades   | 1 2 |  2.0
Fighting       | 3 |  3.3
Staves         | |  0.3
Throwing       | |  0.5
Stealth        | |  1.3

Action                   |  1- 3 |  4- 6 || total
-------------------------+-------+-------++-------
Melee: Mace              |    25 |       ||    25
       Dagger            |    68 |    74 ||   142
       Punch             |     1 |     1 ||     2
       Quarterstaff      |       |    36 ||    36
Throw: Stone             |       |     4 ||     4
  Use: Scroll            |     2 |       ||     2
 Stab: Sleeping          |     2 |       ||     2
Armor: Robe              |    44 |    10 ||    54
       Animal skin       |       |    17 ||    17
Dodge: Dodged            |    79 |    66 ||   145
